 Dungeon Crawl Stone Soup version 0.31-a0-1074-g0b22e4e0f1 (webtiles) character file.

Game seed: 17744414115933068306

6819 strifetoe the Cleaver (level 11, -10/100 HPs)
             Began as a Gargoyle Gladiator on Nov 30, 2023.
             Was an Initiate of Gozag.
             Mangled by a komodo dragon (21 damage)
             ... on level 9 of the Dungeon.
             The game lasted 00:14:09 (10033 turns).

strifetoe the Cleaver (Gargoyle Gladiator)         Turns: 10033, Time: 00:14:09

Health: -10/100    AC: 25    Str: 28    XL:     11   Next: 5%
Magic:  11/11      EV:  2    Int:  9    God:    Gozag
Gold:   679        SH:  0    Dex: 11    Spells: 10/10 levels left

rFire   . . .        a - +1 war axe
rCold   . . .        (no shield)
rNeg    + . .        n - melded +0 plate armour
rPois   ∞            c - melded +1 helmet
rElec   .            C - melded +1 cloak of Nemelex Xobeh's Pride {Slay+3 Stlth+}
rCorr   .            (gloves currently unavailable)
SInv    .            v - melded +0 pair of boots
Will    +....        (no amulet)
Stlth   +            o - +6 ring of strength
HPRegen 0.36/turn    k - ring of willpower
MPRegen 0.12/turn

%: no passive effects
@: tree-form
A: stationary, stasis, torment immunity, boosted hp, sickness immunity, AC +8,
negative energy resistance 1, (electricity resistance), torment resistance 1,
petrification resistance
a: Renounce Religion, Potion Petition, Call Merchant, Bribe Branch


You were on level 9 of the Dungeon.
You worshipped Gozag.
Gozag was pleased with you.
You were a tree.
You visited 2 branches of the dungeon, and saw 10 of its levels.
You also visited: Sewer.

You collected 837 gold pieces.
You paid 158 gold pieces to Gozag.

Inventory:

Hand Weapons
 a - a +1 war axe (weapon)
Missiles
 d - 3 throwing nets (quivered)
 e - 6 javelins
Armour
 c - a +1 helmet (melded)
 n - a +0 plate armour (melded)
 r - a +0 kite shield
 v - a +0 pair of boots (melded)
 C - the +1 cloak of Nemelex Xobeh's Pride (melded) {Slay+3 Stlth+}
   (You found it on level 8 of the Dungeon)

   Slay+3:    It affects your accuracy & damage with ranged weapons and melee
   (+3).
   Stlth+:    It makes you more stealthy.
Jewellery
 k - a ring of willpower (right branch)
 o - a +6 ring of strength (left branch)
 D - a +5 ring of evasion
Wands
 b - a wand of mindburst (12)
 t - a wand of roots (27)
 w - a wand of polymorph (4)
 y - a wand of paralysis (11)
 z - a wand of flame (10)
Scrolls
 h - 5 scrolls of identify
 l - a scroll of fog
 m - a scroll of noise
 p - 2 scrolls of fear
 q - a scroll of enchant weapon
 s - a scroll of vulnerability {unknown}
 A - 2 scrolls of revelation
 B - 3 scrolls of teleportation
 E - 3 scrolls of amnesia {unknown}
 F - a scroll of enchant armour
Potions
 f - a potion of haste
 g - 2 potions of might
 j - a potion of degeneration
 u - a potion of curing
 x - a potion of enlightenment


   Skills:
 + Level 7.0 Fighting
 + Level 13.1 Axes
 - Level 1.7 Throwing
 + Level 6.5 Armour
 - Level 2.4 Dodging


You had 10 spell levels left.
You didn't know any spells.
Your spell library contained the following spells:

 Spells                   Type           Power      Damage    Failure   Level
 Magic Dart               Conj           0%         1d3       38%         1
 Call Imp                 Summ           0%         N/A       52%         2
 Lesser Beckoning         Tloc           0%         N/A       52%         2
 Dazzling Flash           Conj/Hex       0%         N/A       77%         3
 Gell's Gravitas          Tloc           0%         N/A       77%         3
 Mephitic Cloud           Conj/Pois/Air  0%         N/A       77%         3
 Ozocubu's Armour         Ice            0%         N/A       77%         3
 Teleport Other           Tloc           0%         N/A       77%         3
 Tukima's Dance           Hex            0%         N/A       77%         3
 Dimensional Bullseye     Hex/Tloc       0%         N/A       99%         4
 Iskenderun's Mystic Bla  Conj/Tloc      0%         2d3       99%         4
 Passage of Golubria      Tloc           0%         N/A       99%         4
 Agony                    Necr           0%         N/A       100%        5
 Silence                  Hex/Air        0%         N/A       100%        5
 Yara's Violent Unravell  Hex/Tmut       0%         3d3       100%        5
 Ozocubu's Refrigeration  Ice            0%         4d7       100%        7


Dungeon Overview and Level Annotations

Branches:
Dungeon (9/15)             Temple (1/1) D:7           Sewer (visited)
   Lair: D:8-11         Orc: D:9-12

Altars:
Ashenzari
Cheibriados
Dithmenos
Elyvilon
Fedhas
Gozag
Hepliaklqana
Kikubaaqudgha
Makhleb
Nemelex Xobeh
Okawaru
Qazlal
Ru
Sif Muna
Trog
Uskayaw
Vehumet
Wu Jian
Xom
Zin
The Shining One

Shops:
D:1 ?

Annotations:
D:4 2 runed translucent doors, grandjackal's ghost, novice DjGl


Innate Abilities, Weirdness & Mutations

You are a tree.
Your roots penetrate the ground, keeping you stationary.
You cannot be teleported.
You are immune to unholy pain and torment.
Your maximum health is greatly increased.
Your equipment is partially melded.
You are immune to sickness and miasma.
((Your stone body is resilient. (AC +8)))
You are immune to poison.
You resist negative energy. (rN+)
((You are resistant to electric shocks. (rElec)))
You are resistant to unholy torment.
You are immune to petrification.


Message History

You are too injured to fight recklessly!
You are too injured to fight recklessly!
You are too injured to fight recklessly!
You are too injured to fight recklessly!
You are too injured to fight recklessly!
You are too injured to fight recklessly!
Unknown command.
Okay, then.
Okay, then.
You turn into a tree.
The +1 cloak of Nemelex Xobeh's Pride {Slay+3 Stlth+} melds into your body.
Your +1 helmet melds into your body.
Your +0 pair of boots melds into your body.
Your +0 plate armour melds into your body.
Your roots penetrate the ground.
The komodo dragon bites you!!
* * * LOW HITPOINT WARNING * * *
You feel better.
The komodo dragon bites you but does no damage.
You feel better. The komodo dragon bites you.
* * * LOW HITPOINT WARNING * * *
You feel better.
The komodo dragon bites you but does no damage.
You hit the komodo dragon.
The komodo dragon is heavily wounded.
You hit the komodo dragon.
The komodo dragon is heavily wounded.
The komodo dragon bites you!
* * * LOW HITPOINT WARNING * * *
You hit the komodo dragon.
The komodo dragon is severely wounded.
The komodo dragon bites you.
* * * LOW HITPOINT WARNING * * *
You closely miss the komodo dragon.
The komodo dragon is severely wounded.
The komodo dragon bites you but does no damage.
You closely miss the komodo dragon.
The komodo dragon is severely wounded.
The komodo dragon bites you!!
You die...
Your body crumbles into a pile of gold.

# ########
###### #### ###
### #.###.#
####...####
######
###...###....
......#
####..#### #.###
.......###....##
###
#....l♣....##
####.#####.# ##
###


You could see a komodo dragon.

Vanquished Creatures
  Pikel (D:7)
  Maurice (D:7)
  Maggie (D:8)
  A komodo dragon (D:9)
  2 hornets (D:8)
  A spriggan (D:8)
  3 wyverns
  6 yaks (D:9)
  A steam dragon (D:6)
  Duvessa (D:5)
  3 water moccasins
  2 black bears
  An orc warrior (D:8)
  2 sky beasts (D:8)
  An ogre (D:5)
  A kobold brigand (D:6)
  A phantom (D:7)
  5 bullfrogs
  A scorpion (D:6)
  8 wights
  9 killer bees
  Dowan (D:5)
  3 howler monkeys (D:9)
  4 orc priests
  2 hounds
  2 jellies (D:6)
  Crazy Yiuf (D:2)
  3 iguanas
  Natasha (thrice) (D:3)
  2 sleepcaps
  11 orc wizards
  Robin (D:4)
  3 gnolls (D:5)
  5 adders
  A river rat (D:5)
  A shadow imp (D:7)
  A white imp (D:7)
  3 worms
  2 dart slugs
  18 orcs
  16 ball pythons
  29 endoplasms
  11 giant cockroaches
  13 goblins
  6 hobgoblins
  6 quokkas
  5 bats
  7 frilled lizards
  9 kobolds
  14 rats
235 creatures vanquished.

Notes
Turn   | Place    | Note
-------+----------+-------------------------------------------
     0 | D:1      | strifetoe the Gargoyle Gladiator began the quest for the
                  | Orb.
     0 | D:1      | Reached XP level 1. HP: 12/12 MP: 1/1
    61 | D:1      | Reached skill level 3 in Axes
    87 | D:1      | Reached XP level 2. HP: 17/17 MP: 2/2
   138 | D:1      | Found Daakhlesu's Magic Scroll Shop.
   385 | D:1      | Reached XP level 3. HP: 21/21 MP: 3/3
   408 | D:1      | Found a faded altar of an unknown god.
   913 | D:2      | Reached skill level 4 in Axes
  1135 | D:2      | Reached XP level 4. HP: 26/26 MP: 4/4
  1274 | D:2      | Found a runed translucent door.
  1275 | D:2      | Noticed Crazy Yiuf
  1311 | D:2      | Identified the +0 leather armour "Istryhoh" {rN+ Str+4
                  | Int+3}
  2137 | D:3      | Identified the +0 robe of Ignis's Favour {rElec}
  2147 | D:3      | Reached skill level 5 in Axes
  2147 | D:3      | Reached XP level 5. HP: 12/30 MP: 5/5
  2295 | D:3      | Noticed Natasha
  2307 | D:3      | Killed Natasha
  2701 | D:3      | Reached skill level 6 in Axes
  2701 | D:3      | Reached XP level 6. HP: 29/35 MP: 6/6
  2898 | D:4      | Noticed Robin
  2909 | D:4      | Killed Robin
  3013 | D:2      | Killed Crazy Yiuf
  3106 | D:3      | Noticed Natasha
  3116 | D:3      | Killed Natasha
  3532 | D:3      | Noticed Natasha
  3548 | D:3      | Killed Natasha
  4118 | D:4      | Found a blossoming altar of Fedhas.
  4231 | D:4      | Found a large runed translucent door.
  4231 | D:4      | Found a large runed translucent door.
  4232 | D:4      | Noticed grandjackal's ghost (novice DjGl)
  4684 | D:4      | Reached skill level 7 in Axes
  4684 | D:4      | Reached XP level 7. HP: 32/40 MP: 7/7
  4851 | D:5      | Entered Level 5 of the Dungeon
  4877 | D:5      | Noticed Dowan
  4877 | D:5      | Noticed Duvessa
  4885 | D:5      | Killed Duvessa
  4895 | D:5      | Killed Dowan
  4963 | D:5      | Reached skill level 8 in Axes
  5082 | D:5      | Found a glowing drain.
  5088 | Sewer    | Entered a sewer
  5301 | Sewer    | Reached XP level 8. HP: 41/44 MP: 8/8
  5619 | D:5      | Reached skill level 9 in Axes
  6631 | D:6      | Reached skill level 10 in Axes
  6738 | D:6      | Found a shimmering altar of Xom.
  7041 | D:7      | Noticed Maurice
  7054 | D:7      | Killed Maurice
  7055 | D:7      | Reached skill level 11 in Axes
  7055 | D:7      | Reached XP level 9. HP: 48/48 MP: 9/9
  7561 | D:7      | Reached skill level 12 in Axes
  7657 | D:7      | Found a staircase to the Ecumenical Temple.
  7658 | D:7      | Noticed Pikel
  7678 | D:7      | Killed Pikel
  7688 | Temple   | Entered the Ecumenical Temple
  8048 | D:7      | Reached XP level 10. HP: 56/56 MP: 10/10
  8081 | D:8      | HP: 1/56 [orc priest/divine providence (11)]
  8484 | D:8      | Found an opulent altar of Gozag.
  8563 | D:8      | Became a worshipper of Gozag Ym Sagoz the Greedy
  8600 | D:8      | Noticed Maggie
  8610 | D:8      | Killed Maggie
  8638 | D:8      | Reached skill level 5 in Fighting
  8693 | D:8      | Identified the +1 cloak of Nemelex Xobeh's Pride {Slay+3
                  | Stlth+}
  8750 | D:8      | Found an iron altar of Okawaru.
  8750 | D:8      | Found a burning altar of Makhleb.
  9015 | D:8      | Reached skill level 5 in Armour
  9432 | D:9      | Reached skill level 13 in Axes
  9637 | D:9      | Found a shimmering blue altar of Sif Muna.
  9916 | D:9      | Reached XP level 11. HP: 47/66 MP: 11/11
 10033 | D:9      | Mangled by a komodo dragon

Illustrated notes

Levels and vault maps discovered:
D:1:      zelgadis_glass_arrival_small, layout_basic,
          shapermc_ecumenical_altar_mp_ritualfount, serial_bayou,
          serial_bayou_shore_a, serial_bayou_lake_a, serial_bayou_pond_d,
          serial_bayou_ford_a, serial_bayou_lagoon_a, serial_bayou_pond_e,
          serial_shops, shop_statue
D:2:      layout_rooms, nicolae_twisty_statue_hallways, uniq_crazy_yiuf_cottage
D:3:      layout_basic, hex_medium, minmay_fractal_squares_diagonal_5,
          uniq_natasha
D:4:      layout_loops_ring, fedhas_ov_isle_minmay, ebering_ghost_disaster_area,
          nicolae_concentric_dashed_squares_wild, grunt_decor_one_mirror,
          uniq_robin
D:5:      nicolae_cairo_tiling_large_dashed, layout_basic,
          lightli_sewer_entry_pipes, st_stairs_10, uniq_duvessa
D:6:      layout_basic, mainiacjoe_overflow_brackets
D:7:      layout_loops_ring, temple_doors_e, uniq_maurice, uniq_pikel
D:8:      layout_rooms, gammafunk_temple_overflow_wave,
          nicolae_gozag_cash_rules_everything_around_me,
          minmay_stone_trees_small, minmay_fountain_box,
          roderic_serpentine_path, grunt_ministairs_3, the_hattery, uniq_maggie
D:9:      layout_basic, led_sif_book, erik_lair_dragon
Temple:   hellmonk_temple_two_chambers

Skill      XL: |  1  2  3  4  5  6  7  8  9 10 11 |
---------------+----------------------------------+-----
Axes           | 3 4 5 6 7 8 11 12 13 | 13.1
Fighting       | 3 6 7 |  7.0
Armour         | 2 6 |  6.5
Throwing       | |  1.7
Dodging        | |  2.4

Action                     |  1- 3 |  4- 6 |  7- 9 | 10-12 || total
---------------------------+-------+-------+-------+-------++-------
  Melee: War axe           |   115 |   190 |   322 |   225 ||   852
         Punch             |       |       |     2 |     2 ||     4
  Evoke: Wand              |       |       |     3 |     6 ||     9
    Use: Potion            |       |     3 |     2 |     4 ||     9
         Scroll            |       |    10 |     4 |     3 ||    17
   Stab: Paralysed         |       |       |     7 |     6 ||    13
         Distracted        |       |       |       |     1 ||     1
 Armour: Leather armour    |    55 |       |       |       ||    55
         Plate armour      |     6 |   197 |   271 |   226 ||   700
         Skin              |       |       |       |     8 ||     8
  Dodge: Dodged            |    77 |    70 |    96 |    89 ||   332

Table legend: (Time is in decaauts)
 A = Elapsed time spent in this place.
 B = Non-inter-level travel time spent in this place.
 C = Inter-level travel time spent in this place.
 D = Time resting spent in this place.
 E = Time spent auto-exploring this place.
 F = Levels seen in this place.
 G = Mean time per level.
                   A        B        C        D        E       F      G
               +--------+--------+--------+--------+--------+-----+--------+
         Total |  10240 |   9691 |    549 |    704 |   7004 |  11 |  930.9 |
       Dungeon |   9598 |   9054 |    544 |    704 |   6699 |   9 | 1066.4 |
        Temple |     94 |     89 |      5 |      0 |      0 |   1 |   94.0 |
         Sewer |    547 |    547 |      0 |      0 |    304 |   1 |  547.0 |
               +--------+--------+--------+--------+--------+-----+--------+

Top non-repeatable levels by time:
     D:3: 2390 daAuts
     D:8: 1056 daAuts
     D:7: 1002 daAuts
     D:4: 992 daAuts
     D:1: 961 daAuts
     D:9: 888 daAuts
     D:6: 837 daAuts
     D:5: 828 daAuts
     D:2: 639 daAuts
   Sewer: 547 daAuts
  Temple: 94 daAuts
